 Dungeon Crawl Stone Soup version 0.24.0-123-gd5b16e6ec5 (webtiles) character file.

Game seed: 14485559680766218225, levelgen mode: deterministic

85 vurker the Gusty (level 4, -1/25 HPs)
             Began as a Tengu Air Elementalist on Dec 25, 2019.
             Killed from afar by Ijyb (11 damage)
             ... with a puff of flame
             ... on level 3 of the Dungeon.
             The game lasted 00:03:58 (2282 turns).

vurker the Gusty (Tengu Air Elementalist)           Turns: 2282, Time: 00:03:58

Health: -1/25      AC:  3    Str:  8    XL:     4   Next: 48%
Magic:  0/9        EV: 13    Int: 16    God:
Gold:   111        SH:  0    Dex: 15    Spells: 7/8 levels left

rFire    . . .     SeeInvis .   d - +0 dagger
rCold    . . .     Gourm    .   (no shield)
rNeg     . . .     Faith    .   a - +0 robe
rPois    .         Spirit   .   (helmet restricted)
rElec    .         Reflect  .   m - +0 cloak (curse)
rCorr    .         Harm     .   (no gloves)
MR       .....                  (boots unavailable)
Stlth    ++........             o - amulet of regeneration
HPRegen  0.48/turn              (no ring)
MPRegen  0.11/turn              (no ring)

@: very slightly contaminated
A: beak, talons 3
a: no special abilities


You were on level 3 of the Dungeon.
You were not hungry.

You visited 1 branch of the dungeon, and saw 3 of its levels.

You collected 111 gold pieces.

Inventory:

Hand Weapons
 d - a +0 dagger (weapon)
   (You took it off a goblin on level 1 of the Dungeon)
Armour
 a - a +0 robe (worn)
 m - a cursed +0 cloak (worn)
   (You found it on level 1 of the Dungeon)
Jewellery
 o - an amulet of regeneration (around neck)
   (You found it on level 2 of the Dungeon)
Scrolls
 b - a scroll of teleportation {unknown}
 c - 3 scrolls of noise {unknown}
 g - 2 scrolls of amnesia {unknown}
 h - 4 scrolls of enchant armour {unknown}
 j - a scroll of fog {unknown}
 k - a scroll of immolation {unknown}
 l - a scroll of identify {unknown}
 n - a scroll of random uselessness {unknown}
Potions
 f - a potion of magic {unknown}
 i - a potion of cancellation {unknown}
Comestibles
 e - 5 rations
 p - a chunk of flesh


   Skills:
 + Level 1.0 Fighting
 - Level 2.1 Dodging
 - Level 2.0 Stealth
 * Level 2.7 Spellcasting
 * Level 3.2 Conjurations
 * Level 5.0 Air Magic


You had 7 spell levels left.
You knew the following spells:

 Your Spells              Type           Power        Failure   Level  Hunger
a - Shock                 Conj/Air       ###.         3%          1    #......

Your spell library contained the following spells:

 Spells                   Type           Power        Failure   Level  Hunger
 Swiftness                Chrm/Air       ##......     11%         2    ##.....
 Static Discharge         Conj/Air       ###.....     11%         3    ###....
 Animate Skeleton         Necr           N/A          19%         1    #......
 Apportation              Tloc           #.....       19%         1    #......
 Confusing Touch          Hex            #.....       19%         1    #......
 Summon Small Mammal      Summ           #...         19%         1    #......
 Airstrike                Air            ###.......   24%         4    #####..
 Lightning Bolt           Conj/Air       ###.......   69%         5    ######.


Dungeon Overview and Level Annotations

Branches:
Dungeon (3/15)

Altars:
Gozag
Sif Muna
Trog

Annotations:
D:3 3 runed translucent doors, Esos's ghost, weakling DgIE; Ijyb


Innate Abilities, Weirdness & Mutations

You have a beak for a mouth.
You have claws for feet.


Message History

You kill the bat!
You can't see any susceptible monsters within range! (Use Z to cast anyway.)
You butcher the bat corpse.
p - a chunk of flesh You see here a bat skeleton. x2
You can't see any susceptible monsters within range! (Use Z to cast anyway.)
Found a glowing mace.
Found 13 gold pieces.
Found a stone staircase leading down.
Ijyb the Twisted Goblin comes into view.
She is wielding a +1 dagger of venom, wearing a +2 chain mail of cold resistance and carrying a wand of flame (19).
Aim: Ijyb, wielding a +1 dagger of venom, wearing a +2 chain mail of cold resistance and carrying a wand of flame (19) (resting)
The zap hits Ijyb.
Ijyb shouts!
Aim: Ijyb, wielding a +1 dagger of venom, wearing a +2 chain mail of cold resistance and carrying a wand of flame (19) (lightly wounded)
The zap hits Ijyb but does no damage.
Aim: Ijyb, wielding a +1 dagger of venom, wearing a +2 chain mail of cold resistance and carrying a wand of flame (19) (lightly wounded)
The zap hits Ijyb but does no damage.
Ijyb zaps a wand.
The puff of flame hits you!
Aim: Ijyb, wielding a +1 dagger of venom, wearing a +2 chain mail of cold resistance and carrying a wand of flame (18) (lightly wounded)
The zap hits Ijyb.
Aim: Ijyb, wielding a +1 dagger of venom, wearing a +2 chain mail of cold resistance and carrying a wand of flame (18) (lightly wounded)
The zap hits Ijyb but does no damage.
A worm comes into view.
Aim: Ijyb, wielding a +1 dagger of venom, wearing a +2 chain mail of cold resistance and carrying a wand of flame (18) (lightly wounded)
The zap hits Ijyb but does no damage.
Ijyb zaps a wand.
The puff of flame hits you.
* * * LOW HITPOINT WARNING * * *
Aim: Ijyb, wielding a +1 dagger of venom, wearing a +2 chain mail of cold resistance and carrying a wand of flame (17) (lightly wounded)
The zap hits Ijyb but does no damage.
Aim: Ijyb, wielding a +1 dagger of venom, wearing a +2 chain mail of cold resistance and carrying a wand of flame (17) (lightly wounded)
You miscast Shock.
You are very lightly contaminated with residual magic.
The wind howls around you! Ijyb hits you but does no damage.
Aim: Ijyb, wielding a +1 dagger of venom, wearing a +2 chain mail of cold resistance and carrying a wand of flame (17) (lightly wounded)
The zap hits Ijyb.
Ijyb barely misses you.
Aim: Ijyb, wielding a +1 dagger of venom, wearing a +2 chain mail of cold resistance and carrying a wand of flame (17) (lightly wounded)
The zap hits Ijyb.
Ijyb closely misses you.
You don't have enough magic to cast that spell.
You barely miss Ijyb. Your kick misses Ijyb. Ijyb misses you.
You hit Ijyb but do no damage.
Ijyb zaps a wand.
The puff of flame hits you.
* * * LOW HITPOINT WARNING * * *
You barely miss Ijyb. You claw Ijyb, but do no damage.
You peck Ijyb, but do no damage.
Ijyb zaps a wand.
The puff of flame hits you!
You die...

... ........ #
........## $#
..>.....##.
##........
.....#.w
...#g#
#####.#@#
#.......#
#.###.#.......
#.#.#.####
#รท#.#.#
#.#.#.####.
#..........
###.#.####
#.#.#


You could see Ijyb and a worm.

Vanquished Creatures
  3 adders (D:2)
  2 worms
  3 dart slugs
  A giant cockroach (D:1)
  10 hobgoblins
  8 bats
  A frilled lizard (D:1)
  6 goblins
  9 kobolds
  6 rats
49 creatures vanquished.

Notes
Turn   | Place    | Note
-------+----------+-------------------------------------------
     0 | D:1      | vurker the Tengu Air Elementalist began the quest for the
                  | Orb.
     0 | D:1      | Reached XP level 1. HP: 10/10 MP: 4/4
   146 | D:1      | Reached XP level 2. HP: 14/16 MP: 1/6
   659 | D:1      | Reached XP level 3. HP: 20/20 MP: 2/7
  1345 | D:2      | Reached XP level 4. HP: 14/24 MP: 1/9
  1422 | D:2      | Reached skill level 1 in Fighting
  1481 | D:2      | Found a bloodstained altar of Trog.
  1749 | D:2      | Found a shimmering blue altar of Sif Muna.
  2056 | D:3      | Found a runed translucent gate.
  2139 | D:3      | Found a runed translucent gate.
  2141 | D:3      | Found an opulent altar of Gozag.
  2141 | D:3      | Found a runed translucent gate.
  2141 | D:3      | Noticed an ogre
  2144 | D:3      | Noticed Esos's ghost (weakling DgIE)
  2167 | D:3      | Reached skill level 5 in Air Magic
  2269 | D:3      | Noticed Ijyb
  2282 | D:3      | Killed from afar by Ijyb

Levels and vault maps discovered:
D:1:      minmay_arrival_open_corners, layout_basic
D:2:      layout_loops_ring, nicolae_overflow_crystal_walls, bloody_trog,
          first_ration
D:3:      corexii_shack_village, layout_basic, tso_oasis_becter,
          ebering_ghost_gozag, uniq_ijyb, uniq_sigmund

Skill      XL: |  1  2  3  4 |
---------------+-------------+-----
Conjurations   | 2 3 |  3.2
Fighting       | 1 |  1.0
Air Magic      | 5 |  5.0
Dodging        | |  2.1
Stealth        | |  2.0
Spellcasting   | |  2.7

Action                   |  1- 3 |  4- 6 || total
-------------------------+-------+-------++-------
Melee: Dagger            |    38 |     5 ||    43
       Kick              |     6 |     1 ||     7
       Unarmed           |     2 |       ||     2
       Peck              |     5 |     2 ||     7
 Cast: Shock             |    74 |    38 ||   112
  Use: Potion            |     3 |       ||     3
  Eat: Chunk             |     2 |     3 ||     5
Armor: Robe              |     3 |     1 ||     4
Dodge: Dodged            |    33 |    11 ||    44
